 Dungeon Crawl Stone Soup version 0.27.1-1-g398f81649c (console) character file.

Game seed: 10341849041368036913

12048 thromnambular the Fighter (level 12, -4/91 HPs)
             Began as a Djinni Air Elementalist on Sept 9, 2021.
             Was a Believer of Makhleb.
             Slain by a boulder beetle (19 damage)
             ... on level 3 of the Lair of Beasts.
             The game lasted 00:50:08 (18893 turns).

thromnambular the Fighter (DjAE)                   Turns: 18893, Time: 00:50:09

Health: -4/91      AC: 12    Str: 15    XL:     12   Next: 15%
Gold:   943        EV: 17    Int: 20    God:    Makhleb [**....] SH: 10 Dex: 18

rFire    + + .     SeeInvis +   z - +3 mace {pain, rElec rPois Str+4 Dex+3}
rCold    x . .     Faith    .   v - +0 buckler
rNeg     . . .     Spirit   .   i - +0 leather armour {Will+}
rPois    ∞         Reflect  +   u - +0 helmet
rElec    +         Harm     .   h - +2 cloak {Stlth+}
rCorr    .         Rampage  .   D - +2 pair of gloves {Str+3}
Will     ++...                  (boots unavailable)
Stlth    +++.......             C - amulet of reflection
HPRegen  0.25/turn              w - ring of see invisible
MPRegen  0.00/turn              (no ring)

@: flying
A: sickness immunity, fire resistance 2, cold vulnerability 1, float, innate
caster, hp casting, extra vitality 1
a: Renounce Religion, Minor Destruction


You were on level 3 of the Lair of Beasts.
You worshipped Makhleb.
Makhleb was pleased with you.
You visited 3 branches of the dungeon, and saw 14 of its levels.

You collected 943 gold pieces.

Inventory:

Hand Weapons
 y - a +4 quarterstaff of chaos
 z - the +3 mace of Jiodak (weapon) {pain, rElec rPois Str+4 Dex+3}
   (You found it on level 6 of the Dungeon)

   In the hands of one skilled in necromantic magic, it inflicts extra damage on
   living creatures.
   Str:       It affects your strength (+4).
   Dex:       It affects your dexterity (+3).
   rElec:     It insulates you from electricity.
   rPois:     It protects you from poison.
Missiles
 f - 2 throwing nets
Armour
 h - a +2 cloak of stealth (worn)
 i - a +0 leather armour of willpower (worn)
 u - a +0 helmet (worn)
 v - a +0 buckler (worn)
 D - a +2 pair of gloves of strength (worn)
Magical Staves
 x - a staff of air
Jewellery
 w - a ring of see invisible (left hand)
 C - an amulet of reflection (around neck)
Wands
 d - a wand of flame (53)
 G - a wand of iceblast (4)
Scrolls
 c - 2 scrolls of noise
 e - 2 scrolls of teleportation
 j - a scroll of fear
 k - a scroll of blinking {unknown}
 l - a scroll of summoning
 p - a scroll of brand weapon {unknown}
 q - a scroll of enchant armour {unknown}
 B - a scroll of silence {unknown}
Potions
 a - a potion of mutation
 b - 2 potions of lignification
 g - a potion of brilliance
 m - 2 potions of degeneration
 n - a potion of cancellation
 o - a potion of resistance
 r - a potion of invisibility
 s - 2 potions of attraction
 t - a potion of curing
 E - a potion of haste
Miscellaneous
 F - a piece from Xom's chessboard (15/15)


   Skills:
 + Level 9.7 Fighting
 - Level 1.5 Maces & Flails
 + Level 8.1 Armour
 + Level 9.3 Dodging
 - Level 1.5 Stealth
 - Level 4.0 Shields
 + Level 8.0 Spellcasting


You had 3 spell levels left.
You knew the following spells:

 Your Spells              Type           Power      Damage    Failure   Level
a - Shock                 Conj/Air       100%       1d9       1%          1
b - Static Discharge      Conj/Air       40%        N/A       1%          2
c - Swiftness             Air            40%        N/A       1%          3
d - Airstrike             Air            20%        N/A       3%          4
e - Summon Small Mammal   Summ           100%       N/A       1%          1
f - Wereblood             Tmut           40%        N/A       1%          2
g - Confusing Touch       Hex            40%        N/A       1%          3
h - Summon Guardian Gole  Hex/Summ       40%        N/A       1%          3
i - Agony                 Necr           40%        N/A       11%         5
Your spell library was empty.

Dungeon Overview and Level Annotations

Branches:
Dungeon (10/15)            Temple (1/1) D:6            Lair (3/6) D:8
  Snake (0/4) Lair:2
  Swamp: Lair:2-4    Shoals: Lair:2-4       Orc: D:9-12

Altars:
Ashenzari
Cheibriados
Dithmenos
Elyvilon
Fedhas
Gozag
Hepliaklqana
Kikubaaqudgha
Makhleb
Nemelex Xobeh
Okawaru
Qazlal
Ru
Sif Muna
Trog
Uskayaw
Vehumet
Wu Jian
Xom
Yredelemnul
Zin
The Shining One

Annotations:
Lair:2 Gastronok, Urug


Innate Abilities, Weirdness & Mutations

You are immune to sickness and miasma.
You are immune to poison.
Your flesh is very heat resistant. (rF++)
You are vulnerable to cold. (rC-)
You float through the air rather than walking.
You learn spells naturally, not from books.
Your magical power is your life essence.
You have superior vitality. (+4 HP)


Message History

You feel much better. You block the boulder beetle's attack.
Casting: Shock (safe; 1% risk of failure)
Confirm with . or Enter, or press ? or * to list all spells.
Aiming: Airstrike (dangerous; 3% risk of failure)
Press: ? - help, Dir - move target, f - boulder beetle
Aim: a boulder beetle (almost dead)
The air twists around and strikes the boulder beetle but does no damage.
The boulder beetle closely misses you.
Casting: Airstrike (dangerous; 3% risk of failure)
Confirm with . or Enter, or press ? or * to list all spells.
Aiming: Airstrike (dangerous; 3% risk of failure)
Press: ? - help, Dir - move target, f/p - boulder beetle
Aim: a boulder beetle (almost dead)
The air twists around and strikes the boulder beetle.
The boulder beetle is almost dead.
The boulder beetle closely misses you.
Casting: Airstrike (dangerous; 3% risk of failure)
Confirm with . or Enter, or press ? or * to list all spells.
Aiming: Airstrike (dangerous; 3% risk of failure)
Press: ? - help, Dir - move target, f/p - boulder beetle
Aim: a boulder beetle (almost dead)
The air twists around and strikes the boulder beetle but does no damage.
You block the boulder beetle's attack.
Your magical contamination has completely faded away.
Aiming: Shock (safe; 1% risk of failure)
Press: ? - help, Q - select action, (/) - cycle Shift-Dir - straight line, f/p - boulder beetle
Aim: a boulder beetle (almost dead, 100% to hit)
The zap hits the boulder beetle.
The boulder beetle is almost dead.
The boulder beetle misses you.
Aiming: Shock (safe; 1% risk of failure)
Press: ? - help, Q - select action, (/) - cycle Shift-Dir - straight line, p - boulder beetle The zap hits the boulder beetle but does no damage.
The boulder beetle is almost dead.
The zap hits the boulder beetle.
The boulder beetle is almost dead.
The boulder beetle bites you!!
* * * LOW HITPOINT WARNING * * *
You feel better. The boulder beetle bites you!!
You die...

# ####### # ####...#@# ..#. #
####.##...B## ...# ##
##....P#..### ### ..# .#
##.##.....######.######..#
.###.###...##.##....#..#...##
.....# ###..#....##..^......##
#...## #..###..##.........#.#
#P#.....##......##.....#.....#...
####...........####.##..#........


You could see a boulder beetle.

Vanquished Creatures
  Pikel (D:7)
  2 black mambas
  4 elephants (Lair:1)
  7 cane toads
  2 komodo dragons
  Prince Ribbit (D:7)
  5 yaks
  3 wyverns
  2 steam dragons
  3 wargs (D:8)
  Edmund (D:4)
  12 water moccasins
  Duvessa (D:4)
  4 orc warriors
  An ice beast (D:6)
  A hornet zombie (D:7)
  A necrophage (D:8)
  2 black bears
  4 centaurs
  4 lemures (D:7)
  A kobold brigand (D:9)
  A wyvern zombie (D:6)
  5 bullfrogs
  2 scorpions
  Dowan (D:4)
  3 killer bees (D:7)
  4 wights (D:7)
  A howler monkey (D:7)
  4 centaur zombies
  2 hounds
  A jelly (D:7)
  Crazy Yiuf (D:6)
  A bullfrog skeleton (D:6)
  Ijyb (D:4)
  9 orc priests
  4 centaur skeletons
  Terence (D:3)
  An iguana (D:5)
  11 orc wizards
  5 hell rats (Lair:3)
  14 gnolls
  A howler monkey skeleton (D:6)
  5 adders
  A shadow imp (D:6)
  A white imp (D:8)
  An adder skeleton (D:4)
  2 worms
  2 dart slugs
  27 orcs
  3 bats
  7 endoplasms
  2 giant cockroaches (D:1)
  29 hobgoblins
  7 jackals
  19 kobolds
  4 quokkas
  5 ball pythons
  3 frilled lizards
  41 goblins
  6 rats
300 creatures vanquished.

Vanquished Creatures (collateral kills)
  A gnoll (D:4)
  A goblin (D:4)
  4 hobgoblins (D:4)
6 creatures vanquished.

Vanquished Creatures (others)
  12 fungi
  11 plants
23 creatures vanquished.

Grand Total: 329 creatures vanquished

Notes
Turn   | Place    | Note
-------+----------+-------------------------------------------
     0 | D:1      | thromnambular the Djinni Air Elementalist began the quest
                  | for the Orb.
     0 | D:1      | Reached XP level 1. HP: 15/15 MP: 0/0
   266 | D:1      | Reached XP level 2. HP: 20/22 MP: 0/0
   501 | D:1      | Reached skill level 1 in Fighting
   646 | D:1      | Reached XP level 3. HP: 23/27 MP: 0/0
   646 | D:1      | Learned a level 1 spell: Summon Small Mammal
  1744 | D:2      | Reached XP level 4. HP: 27/32 MP: 0/0
  2132 | D:2      | You are sucked into a shaft and drop 2 floors!
  2544 | D:3      | Reached XP level 5. HP: 27/38 MP: 0/0
  2544 | D:3      | Learned a level 2 spell: Wereblood
  2690 | D:3      | Noticed Terence
  2702 | D:3      | Killed Terence
  3401 | D:2      | Reached XP level 6. HP: 12/45 MP: 0/0
  4510 | D:4      | Noticed Dowan
  4511 | D:4      | Noticed Duvessa
  5276 | D:4      | Reached XP level 7. HP: 32/50 MP: 0/0
  5276 | D:4      | Learned a level 3 spell: Confusing Touch
  5544 | D:4      | Noticed Ijyb
  5568 | D:4      | Killed Ijyb
  5860 | D:4      | Noticed Edmund
  6534 | D:4      | Killed Edmund
  6535 | D:4      | Reached skill level 5 in Dodging
  6962 | D:4      | Killed Duvessa
  6963 | D:4      | Reached skill level 1 in Armour
  7087 | D:4      | Killed Dowan
  7088 | D:4      | Reached skill level 1 in Maces & Flails
  7088 | D:4      | Reached XP level 8. HP: 43/58 MP: 0/0
  7822 | D:5      | Entered Level 5 of the Dungeon
  8926 | D:6      | Reached skill level 5 in Fighting
  9466 | D:6      | Found a bloodstained altar of Trog.
  9467 | D:6      | Found a white marble altar of Elyvilon.
  9521 | D:6      | Noticed Sigmund
  9523 | D:6      | Noticed Sigmund
  9523 | D:6      | Sigmund changed into Sigmund the adder
  9528 | D:6      | Killed Sigmund the adder
  9680 | D:6      | Reached skill level 5 in Spellcasting
  9788 | D:6      | Found a staircase to the Ecumenical Temple.
  9795 | Temple   | Entered the Ecumenical Temple
  9993 | Temple   | Became a worshipper of Makhleb the Destroyer
 10028 | D:6      | Reached XP level 9. HP: 63/66 MP: 0/0
 10028 | D:6      | Learned a level 3 spell: Summon Guardian Golem
 10278 | D:6      | Found a runed translucent door.
 10279 | D:6      | Noticed Crazy Yiuf
 10284 | D:6      | Killed Crazy Yiuf
 10290 | D:6      | Identified the +3 mace of Jiodak {pain, rElec rPois Str+4
                  | Dex+3}
 10460 | D:7      | Reached skill level 1 in Shields
 10810 | D:7      | Noticed Pikel
 11430 | D:7      | Noticed Prince Ribbit
 11437 | D:7      | Killed Prince Ribbit
 11457 | D:7      | Killed Pikel
 11458 | D:7      | Reached XP level 10. HP: 29/75 MP: 0/0
 11903 | D:7      | Reached skill level 5 in Armour
 12022 | D:7      | Reached * piety under Makhleb
 12614 | D:8      | Found a staircase to the Lair.
 12624 | Lair:1   | Entered Level 1 of the Lair of Beasts
 12804 | Lair:1   | Noticed a komodo dragon
 12807 | Lair:1   | Noticed a black mamba
 12808 | Lair:1   | Killed a komodo dragon
 12813 | Lair:1   | Killed a black mamba
 12958 | Lair:1   | Noticed a cane toad
 12962 | Lair:1   | Killed a cane toad
 13096 | Lair:1   | Noticed a cane toad
 13098 | Lair:1   | Noticed a cane toad
 13103 | Lair:1   | Killed a cane toad
 13113 | Lair:1   | Killed a cane toad
 13114 | Lair:1   | Reached XP level 11. HP: 33/82 MP: 0/0
 13114 | Lair:1   | Learned a level 5 spell: Agony
 14576 | Lair:2   | Found a staircase to the Snake Pit.
 14690 | Lair:2   | Noticed Gastronok
 14960 | Lair:2   | Noticed an elephant
 14960 | Lair:2   | Noticed an elephant
 14960 | Lair:2   | Noticed an elephant
 14960 | Lair:2   | Noticed an elephant
 14960 | Lair:2   | Noticed an elephant
 15099 | Lair:1   | Killed an elephant
 15231 | Lair:1   | Killed an elephant
 15396 | Lair:2   | Noticed Urug
 15417 | Lair:1   | Killed an elephant
 15815 | D:8      | Found a hide-covered altar of Uskayaw.
 17220 | D:9      | You are sucked into a shaft and drop 1 floor!
 17220 | D:10     | Entered Level 10 of the Dungeon
 17342 | D:9      | Reached ** piety under Makhleb
 18002 | Lair:1   | Killed an elephant
 18003 | Lair:1   | Reached XP level 12. HP: 40/90 MP: 0/0
 18807 | Lair:3   | Noticed a boulder beetle
 18893 | Lair:3   | Slain by a boulder beetle

Illustrated notes

Levels and vault maps discovered:
D:1:      minmay_arrival_statue_studded, layout_basic
D:2:      layout_basic, serial_rivers, chequers_serial_rivers_micro_a,
          chequers_serial_rivers_small_b, chequers_serial_rivers_small_3,
          chequers_serial_rivers_large_b, chequers_serial_rivers_large_a,
          wad_floor_pattern_untrapped, grunt_ministairs_7, minmay_goblin_outpost
D:3:      layout_loops_cross, minmay_pentangle, uniq_terence
D:4:      minmay_goblin_kobold_castle, layout_rooms, uniq_edmund, uniq_ijyb,
          uniq_duvessa
D:5:      layout_basic, minmay_misc_feat_tower, dk_rats_in_the_wall
D:6:      layout_cave_pools, chequers_temple_overflow_statue_of_worship,
          minmay_temple_entry_statues_pillars, uniq_crazy_yiuf_cottage,
          uniq_sigmund
D:7:      layout_gridville, fountainhead, uniq_pikel, uniq_prince_ribbit1
D:8:      layout_loops_ring, amcnicky_altar_gilded, erik_lair_orcish_takeover,
          serial_co_window_serial, co_window_paths_a, co_window_paths_b,
          co_window_paths_a, co_window_corner_a, co_window_paths_a,
          co_window_paths_b, co_window_paths_a, co_window_cross_3,
          co_window_of_opportunity_c, co_window_of_opportunity_c,
          co_window_broadway_a, co_window_of_opportunity_c, co_window_2corner,
          co_window_cross_2, co_window_paths_d, glass_columns_a,
          glass_columns_b, glass_columns_c, glass_columns_a, glass_columns_a
D:9:      layout_rooms
D:10:     gammafunk_corrupted_shrine, layout_basic, orc_0_dummy, uniq_sonja
Temple:   regret_index_temple_mists
Lair:1:   layout_roguey, chequers_serial_rivers_room_b, lemuel_fruit_fields,
          infiniplex_staircase_pool_2, grunt_megastairs_3
Lair:2:   layout_regular_city, dummy_snake_entry, uniq_gastronok, uniq_urug
Lair:3:   layout_layer_cave, minmay_shoals_entry_lonely_mermaid

Skill      XL: |  1  2  3  4  5  6  7  8  9 10 11 12 |
---------------+-------------------------------------+-----
Fighting       | 1 2 3 4 5 7 8 9 |  9.7
Dodging        | 3 4 5 6 7 9 |  9.3
Spellcasting   | 3 4 5 6 7 8 |  8.0
Armour         | 1 2 4 6 7 8 |  8.1
Maces & Flails | 1 |  1.5
Shields        | 3 4 |  4.0
Stealth        | |  1.5

Action                   |  1- 3 |  4- 6 |  7- 9 | 10-12 || total
-------------------------+-------+-------+-------+-------++-------
Melee: Whip              |     7 |     2 |       |       ||     9
       Dagger            |       |    42 |    50 |       ||    92
       Dire flail        |       |       |     7 |       ||     7
       Short sword       |       |       |    35 |       ||    35
       Mace              |       |       |    15 |    27 ||    42
       Staff             |       |       |     5 |       ||     5
 Cast: Shock             |    72 |    82 |   197 |    92 ||   443
       Summon Small Mamm |       |     3 |       |       ||     3
       Static Discharge  |       |    22 |    90 |    47 ||   159
       Airstrike         |       |       |     7 |   136 ||   143
       Confusing Touch   |       |       |     1 |       ||     1
       Swiftness         |       |       |     1 |     1 ||     2
       Agony             |       |       |       |     8 ||     8
Evoke: Wand              |       |       |     6 |       ||     6
  Use: Scroll            |     2 |     3 |     6 |     5 ||    16
       Potion            |       |     2 |     5 |     3 ||    10
 Stab: Sleeping          |     2 |     6 |     2 |       ||    10
       Distracted        |       |       |     1 |       ||     1
Armor: Robe              |     5 |    16 |    10 |       ||    31
       Leather armour    |       |       |    73 |    35 ||   108
Dodge: Dodged            |    19 |    46 |   161 |   101 ||   327
Block: Buckler           |       |       |       |    43 ||    43
       Reflection        |       |       |       |     1 ||     1
